General information
- name: BNet
- type: Ladder team game (AT/RT)
- host: Battle.net
- saver: iNT]DOGANDHORSE
map: Slalom
- players: 8
- length: 09:58
- speed: Fast
- version: 1.26 W3XP
- replay type:

» download(95 KB)
Players
team 1 (loser)

»
apm14 (
red | 40 APM | 399 actions | 09:53)
1 Death Knight
1 Death Coil
1 Lich
1 Frost Nova
» actions
| Build / train | 24 | |
| Enter build submenu | 8 | |
| Enter hero's abilities submenu | 2 | |
| Right click | 239 | |
| Select / deselect | 114 | |
| Use ability | 12 | |
399 total
» units
| Acolyte | 3 | |
| Ghoul | 3 | |
| Crypt Fiend | 9 | |
15 total
» upgrades
» buildings
| Crypt | 1 | |
| Graveyard | 1 | |
| Ziggurat | 4 | |
| Altar of Darkness | 1 | |
| Nerubian Tower | 1 | |
| Halls of the Dead | 1 | |
| Spirit Tower | 1 | |
10 total
» build order
00:31 Crypt
00:41 Graveyard
00:53 Ziggurat
01:05 Altar of Darkness
01:48 Nerubian Tower
01:58 Ziggurat
03:27 Halls of the Dead
03:40 Spirit Tower
04:35 Ziggurat
06:13 Ziggurat

»
feed.the.apes (
green | 70 APM | 688 actions | 09:50)
1 Demon Hunter
1 Mana Burn
» actions
| Assign group hotkey | 2 | |
| Basic commands | 12 | |
| Build / train | 35 | |
| Enter build submenu | 9 | |
| Enter hero's abilities submenu | 1 | |
| Remove unit from queue | 3 | |
| Right click | 459 | |
| Select / deselect | 122 | |
| Select group hotkey | 13 | |
| Use ability | 32 | |
688 total
» units
» buildings
| Altar of Elders | 1 | |
| Moon Well | 4 | |
| Hunter's Hall | 1 | |
| Ancient of War | 2 | |
| Ancient Protector | 1 | |
| Tree of Ages | 2 | |
11 total
» build order
00:27 Altar of Elders
00:32 Moon Well
01:49 Hunter's Hall
02:18 Ancient of War
02:32 Moon Well
02:47 Ancient of War
03:47 Moon Well
05:02 Ancient Protector
05:20 Moon Well
07:43 Tree of Ages

»
oz_maN (
purple | 70 APM | 685 actions | 09:46)
1 Demon Hunter
1 Mana Burn
» actions
| Assign group hotkey | 13 | |
| Build / train | 27 | |
| Enter build submenu | 10 | |
| Enter hero's abilities submenu | 1 | |
| Right click | 347 | |
| Select / deselect | 106 | |
| Select group hotkey | 163 | |
| Use ability | 18 | |
685 total
» units
» upgrades
| Ultravision | 1 | |
| Strength of the Moon | 1 | |
2 total
» buildings
| Altar of Elders | 1 | |
| Moon Well | 4 | |
| Ancient of War | 2 | |
| Hunter's Hall | 1 | |
| Ancient of Wonders | 1 | |
| Tree of Ages | 1 | |
10 total
» build order
00:13 Altar of Elders
00:25 Moon Well
00:52 Ancient of War
01:46 Moon Well
02:03 Ancient of War
02:29 Hunter's Hall
02:47 Moon Well
03:57 Ancient of Wonders
05:11 Moon Well
07:16 Tree of Ages

»
pi[jay] (
teal | 82 APM | 812 actions | 09:56)
1 Warden
1 Shadow Strike
» actions
| Assign group hotkey | 17 | |
| Basic commands | 1 | |
| Build / train | 33 | |
| Enter build submenu | 14 | |
| Enter hero's abilities submenu | 1 | |
| Remove unit from queue | 3 | |
| Right click | 524 | |
| Select / deselect | 118 | |
| Select group hotkey | 66 | |
| Use ability | 35 | |
812 total
» units
» upgrades
| Improved Bows | 1 | |
| Hippogryph Taming | 1 | |
2 total
» buildings
| Altar of Elders | 1 | |
| Moon Well | 4 | |
| Ancient of War | 2 | |
| Tree of Ages | 1 | |
| Ancient of Wonders | 1 | |
| Ancient of Wind | 2 | |
| Hunter's Hall | 2 | |
13 total
» build order
00:13 Altar of Elders
00:30 Moon Well
01:16 Ancient of War
02:29 Tree of Ages
02:32 Moon Well
03:02 Ancient of War
03:19 Moon Well
04:03 Ancient of Wonders
04:53 Ancient of Wind
04:54 Ancient of Wind
05:44 Moon Well
07:15 Hunter's Hall
07:20 Hunter's Hall
» items
| Periapt of Vitality | 1 | |
| Dust of Appearance | 1 | |
2 total
team 2 (winner)
AsstonFarten (
blue | 100 APM | 997 actions | 09:57)
2 Blademaster
1 Wind Walk
1 Critical Strike
» actions
| Assign group hotkey | 165 | |
| Build / train | 39 | |
| ESC pressed | 1 | |
| Enter build submenu | 18 | |
| Enter hero's abilities submenu | 2 | |
| Right click | 474 | |
| Select / deselect | 142 | |
| Select group hotkey | 114 | |
| Use ability | 42 | |
997 total
» units
» upgrades
» buildings
| Altar of Storms | 1 | |
| Orc Burrow | 5 | |
| War Mill | 1 | |
| Voodoo Lounge | 2 | |
| Stronghold | 4 | |
| Beastiary | 2 | |
| Fortress | 2 | |
17 total
» build order
00:02 Altar of Storms
00:03 Orc Burrow
01:00 War Mill
01:35 Orc Burrow
01:42 Orc Burrow
02:12 Voodoo Lounge
02:15 Voodoo Lounge
02:44 Stronghold
02:44 Stronghold
05:09 Beastiary
05:10 Beastiary
05:11 Fortress
05:11 Fortress
05:16 Orc Burrow
05:17 Orc Burrow
» items
| Healing Salve | 2 | |
| Lesser Clarity Potion | 2 | |
| Boots of Speed | 1 | |
| Staff of Teleportation | 1 | |
| Orb of Lightning | 1 | |
7 total
backintheUSSR (
yellow | 90 APM | 898 actions | 09:57)
2 Archmage
1 Blizzard
1 Brilliance Aura
1 Paladin
1 Holy Light
» actions
| Assign group hotkey | 4 | |
| Basic commands | 8 | |
| Build / train | 63 | |
| ESC pressed | 2 | |
| Enter build submenu | 47 | |
| Enter hero's abilities submenu | 3 | |
| Give item / drop item | 1 | |
| Right click | 456 | |
| Select / deselect | 125 | |
| Select group hotkey | 108 | |
| Use ability | 81 | |
898 total
» units
» upgrades
| Masonry | 2 | |
| Lumber Harvesting | 1 | |
3 total
» buildings
| Lumber Mill | 2 | |
| Altar of Kings | 1 | |
| Farm | 3 | |
| Scout Tower | 44 | |
| Arcane Tower | 4 | |
| Guard Tower | 20 | |
| Town Hall | 1 | |
| Keep | 1 | |
| Castle | 1 | |
| Arcane Sanctum | 1 | |
78 total
» build order
00:18 Lumber Mill
00:58 Altar of Kings
01:00 Farm
01:03 Lumber Mill
01:10 Scout Tower
01:31 Scout Tower
01:40 Arcane Tower
01:40 Arcane Tower
01:40 Arcane Tower
02:00 Scout Tower
02:12 Guard Tower
02:12 Guard Tower
02:15 Scout Tower
02:16 Scout Tower
02:21 Farm
02:26 Guard Tower
02:27 Scout Tower
02:44 Guard Tower
02:44 Guard Tower
03:43 Scout Tower
03:44 Scout Tower
03:45 Scout Tower
04:12 Guard Tower
04:14 Scout Tower
04:15 Scout Tower
04:16 Guard Tower
04:24 Town Hall
04:36 Scout Tower
04:37 Scout Tower
04:49 Guard Tower
04:56 Scout Tower
04:57 Scout Tower
05:27 Guard Tower
05:29 Scout Tower
05:29 Scout Tower
05:43 Keep
05:50 Guard Tower
05:50 Guard Tower
06:14 Guard Tower
06:17 Scout Tower
06:18 Scout Tower
06:21 Scout Tower
06:28 Guard Tower
06:29 Guard Tower
07:05 Scout Tower
07:06 Scout Tower
07:06 Scout Tower
07:07 Scout Tower
07:09 Guard Tower
07:13 Scout Tower
07:14 Scout Tower
07:20 Farm
07:42 Scout Tower
07:43 Scout Tower
07:44 Guard Tower
08:13 Guard Tower
08:15 Scout Tower
08:15 Scout Tower
08:16 Scout Tower
08:17 Scout Tower
08:17 Scout Tower
08:26 Scout Tower
08:27 Scout Tower
08:29 Scout Tower
08:29 Scout Tower
08:40 Scout Tower
08:48 Castle
08:52 Arcane Sanctum
09:06 Guard Tower
09:09 Scout Tower
09:09 Scout Tower
09:12 Scout Tower
09:13 Scout Tower
09:15 Guard Tower
09:17 Scout Tower
09:17 Scout Tower
» items
| Staff of Teleportation | 1 | |
| Boots of Speed | 1 | |
| Healing Salve | 1 | |
| Lesser Clarity Potion | 1 | |
4 total
Birdeneering (
orange | 162 APM | 1617 actions | 09:57)
3 Mountain King
2 Storm Bolt
1 Bash
1 Paladin
1 Holy Light
» actions
| Assign group hotkey | 597 | |
| Basic commands | 7 | |
| Build / train | 49 | |
| Enter build submenu | 34 | |
| Enter hero's abilities submenu | 5 | |
| Give item / drop item | 1 | |
| Right click | 570 | |
| Select / deselect | 129 | |
| Select group hotkey | 155 | |
| Use ability | 70 | |
1617 total
» units
» upgrades
| Masonry | 2 | |
| Magic Sentry | 1 | |
| Lumber Harvesting | 1 | |
4 total
» buildings
| Altar of Kings | 1 | |
| Farm | 4 | |
| Scout Tower | 24 | |
| Lumber Mill | 1 | |
| Arcane Tower | 3 | |
| Guard Tower | 12 | |
| Keep | 2 | |
| Arcane Vault | 1 | |
| Arcane Sanctum | 1 | |
| Castle | 1 | |
50 total
» build order
00:03 Altar of Kings
00:18 Farm
00:52 Farm
01:22 Scout Tower
01:34 Lumber Mill
01:48 Arcane Tower
01:48 Arcane Tower
01:49 Scout Tower
02:10 Scout Tower
02:28 Scout Tower
02:36 Guard Tower
02:49 Guard Tower
02:51 Scout Tower
02:55 Scout Tower
02:56 Guard Tower
03:12 Scout Tower
03:28 Guard Tower
03:52 Keep
04:00 Scout Tower
04:01 Scout Tower
04:16 Scout Tower
04:16 Scout Tower
04:27 Farm
04:28 Keep
04:48 Scout Tower
04:49 Scout Tower
05:05 Guard Tower
05:07 Scout Tower
05:08 Scout Tower
05:12 Scout Tower
05:15 Scout Tower
05:44 Arcane Tower
05:47 Guard Tower
05:48 Guard Tower
05:48 Guard Tower
05:51 Guard Tower
05:56 Scout Tower
05:59 Arcane Vault
06:09 Guard Tower
06:18 Farm
06:50 Guard Tower
06:54 Scout Tower
06:57 Scout Tower
07:05 Arcane Sanctum
07:34 Guard Tower
07:42 Scout Tower
08:02 Scout Tower
08:03 Scout Tower
08:06 Scout Tower
08:32 Castle
» items
| Healing Salve | 1 | |
| Lesser Clarity Potion | 2 | |
| Orb of Lightning | 1 | |
4 total
iNT]DOGANDHORSE (
pink | 108 APM | 1075 actions | 09:58)
2 Pandaren Brewmaster
1 Breath of Fire
1 Drunken Haze
» actions
| Assign group hotkey | 7 | |
| Basic commands | 5 | |
| Build / train | 54 | |
| Enter build submenu | 13 | |
| Enter hero's abilities submenu | 2 | |
| Right click | 786 | |
| Select / deselect | 116 | |
| Use ability | 92 | |
1075 total
» units
» buildings
| Moon Well | 10 | |
| Altar of Elders | 1 | |
| Tree of Life | 1 | |
| Tree of Ages | 4 | |
| Tree of Eternity | 1 | |
17 total
» build order
00:18 Moon Well
01:12 Altar of Elders
02:04 Moon Well
03:34 Moon Well
04:58 Tree of Life
06:23 Tree of Ages
06:24 Tree of Ages
06:24 Tree of Ages
07:04 Moon Well
07:05 Moon Well
08:02 Moon Well
08:07 Moon Well
09:11 Tree of Eternity
09:19 Moon Well
09:19 Moon Well
09:20 Moon Well
» items
| Boots of Speed | 1 | |
| Healing Salve | 2 | |
| Lesser Clarity Potion | 5 | |
8 total
Chat log
(05:33 / All) iNT]DOGANDHORSE: hey guys
(05:59 / All) oz_maN: fresse spasti
(08:24 / All) iNT]DOGANDHORSE: you are really, really really bad
(09:49 / All) iNT]DOGANDHORSE: LOL
(09:49 / All) iNT]DOGANDHORSE: LOL
(09:50 / All) iNT]DOGANDHORSE: LOL
(09:51 / All) iNT]DOGANDHORSE: LOL
(09:52 / All) Birdeneering: guys..
(09:52 / All) iNT]DOGANDHORSE: LOL
(09:53 / All) iNT]DOGANDHORSE: LOL